 Dungeon Crawl Stone Soup version 0.27-a0-1084-g78b3836a5f (webtiles) character file.

Game seed: 7986274481561884314

1460 Ge0ff the Firebug (level 8, -2/51 HPs)
             Began as an Octopode Fire Elementalist on Apr 26, 2021.
             Was a Plaything of Xom.
             Slain by a sixfirhy (3 damage)
             ... summoned by Xom
             ... on level 5 of the Dungeon.
             The game lasted 00:14:25 (7120 turns).

Ge0ff the Firebug (Octopode Fire Elementalist)      Turns: 7120, Time: 00:14:26

Health: -2/51      AC:  8    Str: 15      XL:     8   Next: 76%
Magic:  14/14      EV: 13    Int: 20 (21) God:    Xom [......]
Gold:   210        SH:  0    Dex: 12 (13) Spells: 3/15 levels left

rFire    + + +     SeeInvis .   a - staff of fire
rCold    . . .     Faith    .   (no shield)
rNeg     . . .     Spirit   .   (helmet restricted)
rPois    .         Reflect  .   U - amulet of magic regeneration
rElec    .         Harm     .   l - ring of resist corrosion
rCorr    +         Rampage  .   g - +4 ring of protection
Will     .....     Clarity  +   P - ring of False Hope {rF+ Str+6}
Stlth    +++.......             I - ring of fire
HPRegen  0.17/turn              (no ring)
MPRegen  0.39/turn              (no ring)
                                (no ring)
                                (no ring)

@: no status effects
A: almost no armour, amphibious, 8 rings, camouflage 1, gelatinous body 1,
(nimble swimmer 1), tentacles, iridescent scales 1, clarity, clever 1, cold
resistance 1, shaggy fur 1, strong 1
a: Renounce Religion


You were on level 5 of the Dungeon.
You worshipped Xom.
You were a very special plaything of Xom.
You visited 1 branch of the dungeon, and saw 5 of its levels.

You collected 210 gold pieces.

Inventory:

Hand Weapons
 b - a +3 dagger of speed
 h - a +2 falchion of holy wrath
 V - a +0 scimitar
Missiles
 o - 3 javelins
 M - 6 poisoned darts
 R - 4 silver boomerangs
Armour
 E - a +0 kite shield
Magical Staves
 a - a staff of fire (weapon)
Jewellery
 g - a +4 ring of protection (right tentacle)
 l - a ring of resist corrosion (left tentacle)
 I - a ring of fire (on tentacle)
 P - the ring of False Hope (on tentacle) {rF+ Str+6}
   (You acquired it on level 4 of the Dungeon)

   [ring of strength]

   It affects your strength (+6).
   It protects you from fire.
 Q - an amulet of the acrobat
 U - an amulet of magic regeneration (around mantle)
Wands
 k - a wand of iceblast (8)
Scrolls
 n - a scroll of fear {unknown}
 p - 2 scrolls of enchant armour
 H - a scroll of noise {unknown}
 J - a scroll of holy word {unknown}
 K - a scroll of teleportation {unknown}
 L - a scroll of brand weapon {unknown}
 O - a scroll of enchant weapon
 S - a scroll of magic mapping {unknown}
 T - a scroll of blinking {unknown}
Potions
 d - 2 potions of invisibility {unknown}
 e - 2 potions of curing {unknown}
 m - 2 potions of ambrosia {unknown}
 q - a potion of lignification {unknown}
 F - a potion of mutation {unknown}
 G - a potion of brilliance {unknown}
 N - 2 potions of cancellation {!q}
 W - 3 potions of heal wounds {!q}
 X - a potion of might {unknown}
 Y - a potion of attraction {unknown}
 Z - 3 potions of flight {unknown}


   Skills:
 + Level 2.6 Fighting
 - Level 3.0 Dodging
 - Level 2.6 Stealth
 + Level 4.0 Spellcasting
 * Level 6.1 Conjurations
 * Level 6.2 Fire Magic
 + Level 2.3 Air Magic
 + Level 3.0 Poison Magic
 + Level 0.0 Evocations


You had 3 spell levels left.
You knew the following spells:

 Your Spells              Type           Power      Damage    Failure   Level
a - Fireball              Conj/Fire      29%        3d13      28%         5
s - Foxfire               Conj/Fire      100%       2x1d9     1%          1
v - Poisonous Vapours     Pois/Air       28%        N/A       6%          2
C - Sticky Flame          Conj/Fire      59%        2d7       10%         4

Your spell library contained the following spells:

 Spells                   Type           Power      Damage    Failure   Level
 Magic Dart               Conj           100%       1d8       1%          1
 Conjure Flame            Conj/Fire      59%        6-21      3%          3
 Sting                    Tmut/Pois      40%        1d5       7%          1
 Mephitic Cloud           Conj/Pois/Air  19%        N/A       9%          3
 Dazzling Flash           Conj/Hex       32%        N/A       11%         3
 Ignite Poison            Fire/Tmut/Pois 36%        N/A       11%         3
 Inner Flame              Hex/Fire       36%        N/A       11%         3
 Corona                   Hex            4%         N/A       13%         1
 Blink                    Tloc           N/A        N/A       19%         2
 Call Imp                 Summ           4%         N/A       19%         2
 Ensorcelled Hibernation  Hex/Ice        8%         N/A       19%         2
 Slow                     Hex            4%         N/A       19%         2
 Confusing Touch          Hex            4%         N/A       36%         3
 Tukima's Dance           Hex            4%         N/A       36%         3
 Olgreb's Toxic Radiance  Pois           16%        N/A       36%         4


Dungeon Overview and Level Annotations

Branches:
Dungeon (5/15)
 Temple: D:4-7

Altars:
Elyvilon
Makhleb
Xom

Shops:
D:5 (


Innate Abilities, Weirdness & Mutations

You cannot wear most types of armour.
You are amphibious.
You can wear up to eight rings at the same time.
Your skin changes colour to match your surroundings (Stealth+).
Your rubbery body absorbs attacks. (AC +1, EV +1)
((You are camouflaged near water. (Stealth+)))
You have tentacles for arms and can constrict up to eight enemies at once.
You are partially covered in iridescent scales. (AC +2)
You possess an exceptional clarity of mind.
Your mind is acute. (Int +2)
Your flesh is cold resistant. (rC+)
You are covered in fur. (AC +1)
Your muscles are strong. (Str +2)


Message History

The orc looks even sicker.
You kill the orc!
G - a ruby potion You see here a +0 club.
Found 8 arrows.
You see here 8 arrows.
You see here 8 arrows.
W - 3 potions of heal wounds {!q} (gained 1)
F - a pink potion
Found a kite shield.
You now have 186 gold pieces (gained 9).
You see here a +0 kite shield.
E - a +0 kite shield
There is a burning altar of Makhleb here.
You now have 197 gold pieces (gained 11).
Things that are here:
a +0 robe; a +6 trident of freezing You now have 210 gold pieces (gained 13).
Things that are here:
a +0 robe; a +2 spear
Things that are here:
a +0 robe; a +0 short sword You hear Xom's maniacal laughter.
The sixfirhy completely misses you. The sixfirhy closely misses you. x2
The sixfirhy hits you but does no damage.
The crimson imp hits you. The sixfirhy hits you. The sixfirhy shocks you!
The sixfirhy hits you! The sixfirhy shocks you!
* * * LOW HITPOINT WARNING * * *
The sixfirhy barely misses you.
Xom's power touches on you for a moment.
You feel dopey.
As you read the scroll labelled VUINOITROU, it crumbles to dust.
It is a scroll of enchant weapon.
Your +2 dagger of speed glows red for a moment.
The quasit bites you.
* * * LOW HITPOINT WARNING * * *
You feel clumsy. The quasit barely misses you.
The quasit claws you but does no damage.
The quasit bites you but does no damage.
The quasit closely misses you.
The quasit claws you but does no damage.
The sixfirhy hits you but does no damage.
The sixfirhy closely misses you. The sixfirhy hits you.
* * * LOW HITPOINT WARNING * * *
The sixfirhy shocks you!
* * * LOW HITPOINT WARNING * * *
The sixfirhy hits you.
You die...

#.###........##
##.##..# #.#
#.#.####..###..#...#
#.#
#.#........#.......####
#.#
#.#..#####...###.......
#.# #.#..######.##
######## #.#
#.#......... #.#
#.#...###### #.#
#.#..3.######
#.###.#5.#@.....#
#.....[5###.###.#
#.....5..#.##
#.###.#...# ###.#)..#
#...#...# #.###...#
#.#.###...#
#.........#######


You could see a sixfirhy (summoned).

Vanquished Creatures
  Grinder (D:3)
  Sigmund (D:3)
  Duvessa (D:3)
  An ogre (D:5)
  2 phantoms (D:5)
  A bullfrog (D:3)
  A scorpion (D:5)
  Dowan (D:3)
  3 wights (D:5)
  An orc priest (D:3)
  2 hounds (D:5)
  An iguana (D:5)
  3 orc wizards (D:3)
  A howler monkey zombie (D:5)
  10 adders
  A gnoll (D:1)
  4 worms
  5 dart slugs
  11 orcs
  13 ball pythons
  8 endoplasms
  3 giant cockroaches
  6 goblins
  7 hobgoblins
  13 jackals
  2 quokkas
  10 bats
  5 frilled lizards
  10 kobolds
  5 rats
133 creatures vanquished.

Vanquished Creatures (collateral kills)
  A wight (D:5)
1 creature vanquished.

Vanquished Creatures (others)
  391 foxfires
391 creatures vanquished.

Grand Total: 525 creatures vanquished

Notes
Turn   | Place    | Note
-------+----------+-------------------------------------------
     0 | D:1      | Ge0ff the Octopode Fire Elementalist began the quest for
                  | the Orb.
     0 | D:1      | Reached XP level 1. HP: 11/11 MP: 3/3
   173 | D:1      | Reached skill level 1 in Fighting
   173 | D:1      | Reached XP level 2. HP: 18/18 MP: 0/5
   576 | D:1      | Reached XP level 3. HP: 19/23 MP: 4/6
  2067 | D:1      | Reached XP level 4. HP: 28/28 MP: 4/7
  2640 | D:2      | Learned a level 4 spell: Sticky Flame
  3471 | D:3      | Noticed Grinder
  3590 | D:3      | Reached XP level 5. HP: 33/33 MP: 4/8
  3897 | D:3      | Noticed Sigmund
  3948 | D:3      | Killed Sigmund
  3949 | D:3      | Reached XP level 6. HP: 38/38 MP: 2/10
  4487 | D:3      | Found a faded altar of an unknown god.
  4528 | D:3      | Became a worshipper of Xom of Bone-Dry Humour
  4565 | D:3      | Reached skill level 5 in Conjurations
  4565 | D:3      | Reached skill level 5 in Fire Magic
  4565 | D:3      | Reached XP level 7. HP: 43/43 MP: 7/11
  4778 | D:3      | XOM: confuse monster(s)
  5135 | D:3      | XOM: summons 1 hostile shadow creature
  5145 | D:3      | Killed Grinder
  5284 | D:4      | Learned a level 2 spell: Poisonous Vapours
  5332 | D:4      | Found a white marble altar of Elyvilon.
  5470 | D:3      | XOM: give mutations
  5470 | D:3      | Gained mutation: Your flesh is cold resistant. (rC+) [Xom's
                  | grace]
  5470 | D:3      | Gained mutation: You are partially covered in iridescent
                  | scales. (AC +2) [Xom's grace]
  5470 | D:3      | Gained mutation: Your mind is acute. (Int +2) [Xom's grace]
  5493 | D:4      | Noticed Duvessa
  5493 | D:4      | Noticed Dowan
  5567 | D:3      | XOM: cast spell 'Shadow Creatures'
  5569 | D:3      | Killed Duvessa
  5593 | D:4      | XOM: give mutations
  5593 | D:4      | Gained mutation: You are covered in fur. (AC +1) [Xom's
                  | grace]
  5593 | D:4      | Gained mutation: Your muscles are strong. (Str +2) [Xom's
                  | grace]
  5593 | D:4      | Gained mutation: You possess an exceptional clarity of
                  | mind. [Xom's grace]
  5698 | D:3      | Killed Dowan
  5699 | D:3      | Reached skill level 1 in Poison Magic
  5699 | D:3      | Reached XP level 8. HP: 48/48 MP: 9/13
  5718 | D:4      | Identified a scroll of acquirement
  5719 | D:4      | Acquired the ring of False Hope {rF+ Str+6}
  5948 | D:4      | XOM is BORED!
  6307 | D:5      | Entered Level 5 of the Dungeon
  6338 | D:5      | Reached skill level 1 in Air Magic
  6406 | D:5      | XOM: cast spell 'Dispersal'
  6531 | D:5      | XOM: cast spell 'Summon Mana Viper'
  6567 | D:5      | Found a burning altar of Makhleb.
  6732 | D:5      | XOM: 3-stop teleportation journey
  6861 | D:5      | XOM: 4-stop teleportation journey
  6912 | D:5      | Learned a level 5 spell: Fireball
  6922 | D:5      | Found Dotuimp's Antique Weapon Shoppe.
  7114 | D:5      | XOM: summons 5 hostile demons
  7115 | D:5      | Noticed a sixfirhy
  7117 | D:5      | XOM: stat loss: -1 Int (20/21)
  7120 | D:5      | HP: 1/51 [sixfirhy[Xom] (9)]
  7120 | D:5      | Slain by a sixfirhy

Illustrated notes

Levels and vault maps discovered:
D:1:      minmay_arrival_cross, layout_loops_corners
D:2:      minmay_evil_eye, layout_loops_ring, minmay_cupped
D:3:      kb_forest_paths, layout_basic, basic_ecumenical_altar, uniq_grinder,
          uniq_sigmund
D:4:      layout_layer_cave, nicolae_elyvilon_peaceful_grove,
          minmay_statues_item, eino_small_chamber_without_monster, uniq_duvessa
D:5:      layout_loops_ring, serial_shops, nicolae_shop_overgrown_old_shop,
          minmay_ruined_shrine

Skill      XL: |  1  2  3  4  5  6  7  8 |
---------------+-------------------------+-----
Fighting       | 1 2 |  2.6
Conjurations   | 2 3 4 5 6 |  6.1
Fire Magic     | 4 5 6 |  6.2
Spellcasting   | 3 4 |  4.0
Poison Magic   | 1 3 |  3.0
Air Magic      | 2 |  2.3
Dodging        | 3 |  3.0
Stealth        | |  2.6

Action                   |  1- 3 |  4- 6 |  7- 9 || total
-------------------------+-------+-------+-------++-------
Melee: Unarmed           |    13 |     1 |       ||    14
       Constrict         |     2 |     4 |     7 ||    13
       Scimitar          |       |     8 |       ||     8
       Tentacles         |       |     3 |     2 ||     5
       Falchion          |       |       |    15 ||    15
       Staff             |       |       |     1 ||     1
 Cast: Foxfire           |    55 |   117 |    81 ||   253
       Sticky Flame      |       |       |     7 ||     7
       Poisonous Vapours |       |       |     9 ||     9
Evoke: Wand              |       |       |     3 ||     3
  Use: Scroll            |       |     2 |     4 ||     6
       Potion            |       |     1 |       ||     1
 Stab: Sleeping          |       |       |     1 ||     1
Armor: Skin              |     1 |     4 |    11 ||    16
Dodge: Dodged            |    12 |    13 |    29 ||    54
       Rpst.: Scimitar   |       |     2 |       ||     2
       Falchion          |       |     1 |     5 ||     6

Table legend: (Time is in decaauts)
 A = Elapsed time spent in this place.
 B = Non-inter-level travel time spent in this place.
 C = Inter-level travel time spent in this place.
 D = Time resting spent in this place.
 E = Time spent auto-exploring this place.
 F = Levels seen in this place.
 G = Mean time per level.
                   A        B        C        D        E       F      G
               +--------+--------+--------+--------+--------+-----+--------+
         Total |   7130 |   6861 |    269 |    316 |   5496 |   5 | 1426.0 |
       Dungeon |   7130 |   6861 |    269 |    316 |   5496 |   5 | 1426.0 |
               +--------+--------+--------+--------+--------+-----+--------+

Top non-repeatable levels by time:
     D:1: 2287 daAuts
     D:3: 1926 daAuts
     D:4: 1200 daAuts
     D:2: 1138 daAuts
     D:5: 577 daAuts
